 Dungeon Crawl Stone Soup version 0.23-a0-300-g6719eeacba (webtiles) character file.

146 Ablot the Charmwright (level 5, -4/43 HPs)
             Began as a Gnoll Skald on Oct 7, 2018.
             Was an Initiate of Okawaru.
             Slain by a hippogriff (7 damage)
             ... on level 7 of the Dungeon.
             The game lasted 00:03:10 (2295 turns).

Ablot the Charmwright (Gnoll Skald)                 Turns: 2295, Time: 00:03:11

Health: -4/43      AC:  3    Str: 14    XL:     5   Next: 28%
Magic:  2/12       EV: 14    Int: 15    God:    Okawaru [......]
Gold:   159        SH:  0    Dex: 15    Spells: 3/14 levels left

rFire    . . .     SeeInvis .   a - +0 spear
rCold    . . .     Gourm    .   (no shield)
rNeg     . . .     Faith    .   b - +0 leather armour
rPois    .         Spirit   .   (no helmet)
rElec    .         Reflect  .   (no cloak)
rCorr    .         Harm     .   (no gloves)
MR       .....                  (no boots)
Stlth    ++........             (no amulet)
HPRegen  0.14/turn              (no ring)
MPRegen  0.13/turn              (no ring)

@: no status effects
A: distributed training, fangs 1, strong nose
a: Renounce Religion


You were on level 7 of the Dungeon.
You worshipped Okawaru.
Okawaru was noncommittal.
You were hungry.

You visited 1 branch of the dungeon, and saw 5 of its levels.

You collected 159 gold pieces.

Inventory:

Hand Weapons
 a - a +0 spear (weapon)
Missiles
 e - 101 stones (quivered)
 h - 34 bolts
 n - 51 sling bullets
Armour
 b - a +0 leather armour (worn)
Scrolls
 f - a scroll of teleportation {unknown}
 g - 5 scrolls of remove curse
 j - 3 scrolls of enchant weapon {unknown}
 k - a scroll of noise {unknown}
Potions
 c - 2 potions of magic {unknown}
 i - a potion of lignification {unknown}
 l - a potion of agility {unknown}
 o - a potion of heal wounds {unknown}
Comestibles
 d - 5 rations


   Skills:
 + Level 4.7 Fighting
 + Level 1.4 Short Blades
 + Level 1.4 Long Blades
 + Level 1.4 Axes
 + Level 1.4 Maces & Flails
 + Level 4.7 Polearms
 + Level 1.4 Staves
 + Level 1.4 Slings
 + Level 1.4 Bows
 + Level 1.4 Crossbows
 + Level 1.4 Throwing
 + Level 2.9 Armour
 + Level 4.7 Dodging
 + Level 1.4 Stealth
 + Level 1.4 Shields
 + Level 1.4 Unarmed Combat
 + Level 5.1 Spellcasting
 + Level 1.1 Conjurations
 + Level 1.1 Hexes
 + Level 5.5 Charms
 + Level 1.1 Summonings
 + Level 1.1 Necromancy
 + Level 1.1 Translocations
 + Level 1.1 Transmutations
 + Level 1.1 Fire Magic
 + Level 1.1 Ice Magic
 + Level 1.1 Air Magic
 + Level 1.1 Earth Magic
 + Level 1.1 Poison Magic
 + Level 1.5 Invocations
 + Level 1.4 Evocations


You had 3 spell levels left.
You knew the following spells:

 Your Spells              Type           Power        Failure   Level  Hunger
a - Infusion              Chrm           ###.         1%          1    None
b - Song of Slaying       Chrm           ###.....     3%          2    ##.....
c - Shroud of Golubria    Chrm/Tloc      ##........   8%          2    ##.....
d - Regeneration          Chrm/Necr      ##........   16%         3    ###....
e - Spectral Weapon       Hex/Chrm       ##......     16%         3    ###....

Your spell library contained the following spells:

 Spells                   Type           Power        Failure   Level  Hunger


Dungeon Overview and Level Annotations

Branches:
Dungeon (4/15)
 Temple: D:4-7

Altars:
Makhleb
Nemelex Xobeh
Okawaru
Vehumet
Xom


Innate Abilities, Weirdness & Mutations

Your experience applies equally to all skills.
You have very sharp teeth.
Your uncanny sense of smell can sniff out nearby items.


Message History

Your shroud falls apart!
The hippogriff pecks you. The hippogriff misses you.
You are too injured to fight recklessly!
You are too injured to fight recklessly!
Unknown command.
You are too injured to fight recklessly!
Unknown command.
You are too injured to fight recklessly!
You hit the hippogriff.
The hippogriff is moderately wounded.
Your spectral weapon hits the hippogriff from afar.
The hippogriff bites you!
* * * LOW HITPOINT WARNING * * *
The hippogriff barely misses you. The hippogriff claws you!
* * * LOW HITPOINT WARNING * * *
You hit the hippogriff. You punch the hippogriff.
The hippogriff is severely wounded.
Your spectral weapon hits the hippogriff from afar.
The hippogriff misses you. The hippogriff pecks you!
You die...

###.....##
#........####
#............
#........###
#..l....##
######.## #r#
∆ #H# #@# ∆
#(# #.. ###.
.. .. #.. #..


You could see a hippogriff, a quokka and a friendly spectral spear.

Vanquished Creatures
  An iguana (D:7)
  5 adders
  2 oozes
  2 worms (D:2)
  A dart slug (D:2)
  A leopard gecko (D:3)
  5 orcs (D:3)
  2 ball pythons
  5 bats
  5 giant cockroaches
  5 goblins
  4 hobgoblins
  4 frilled lizards
  6 kobolds
  7 rats
55 creatures vanquished.

Vanquished Creatures (others)
  2 spectral weapons (D:7)
2 creatures vanquished.

Grand Total: 57 creatures vanquished

Notes
Turn   | Place    | Note
-------+----------+-------------------------------------------
     0 | D:1      | Ablot the Gnoll Skald began the quest for the Orb.
     0 | D:1      | Reached XP level 1. HP: 20/20 MP: 6/6
    95 | D:1      | Reached XP level 2. HP: 12/26 MP: 3/7
   112 | D:1      | Learned a level 2 spell: Song of Slaying
   115 | D:1      | Learned a level 2 spell: Shroud of Golubria
   709 | D:2      | Reached skill level 5 in Spellcasting
   709 | D:2      | Reached XP level 3. HP: 16/31 MP: 6/9
   714 | D:2      | Learned a level 3 spell: Regeneration
   718 | D:2      | Learned a level 3 spell: Spectral Weapon
   920 | D:2      | Reached skill level 1 in Invocations
   931 | D:2      | Reached skill level 1 in Short Blades
   931 | D:2      | Reached skill level 1 in Long Blades
   931 | D:2      | Reached skill level 1 in Axes
   931 | D:2      | Reached skill level 1 in Maces & Flails
   931 | D:2      | Reached skill level 1 in Staves
   931 | D:2      | Reached skill level 1 in Slings
   931 | D:2      | Reached skill level 1 in Bows
   931 | D:2      | Reached skill level 1 in Crossbows
   931 | D:2      | Reached skill level 1 in Throwing
   931 | D:2      | Reached skill level 1 in Stealth
   931 | D:2      | Reached skill level 1 in Shields
   931 | D:2      | Reached skill level 1 in Unarmed Combat
   931 | D:2      | Reached skill level 1 in Evocations
  1001 | D:2      | Found a shimmering altar of Xom.
  1027 | D:2      | Reached XP level 4. HP: 28/38 MP: 11/11
  1042 | D:2      | Found a radiant altar of Vehumet.
  1042 | D:2      | Found a burning altar of Makhleb.
  1044 | D:2      | Found an iron altar of Okawaru.
  1109 | D:2      | Became a worshipper of Warmaster Okawaru
  1638 | D:3      | Reached skill level 1 in Conjurations
  1638 | D:3      | Reached skill level 1 in Hexes
  1638 | D:3      | Reached skill level 1 in Summonings
  1638 | D:3      | Reached skill level 1 in Necromancy
  1638 | D:3      | Reached skill level 1 in Translocations
  1638 | D:3      | Reached skill level 1 in Transmutations
  1638 | D:3      | Reached skill level 1 in Fire Magic
  1638 | D:3      | Reached skill level 1 in Ice Magic
  1638 | D:3      | Reached skill level 1 in Air Magic
  1638 | D:3      | Reached skill level 1 in Earth Magic
  1638 | D:3      | Reached skill level 1 in Poison Magic
  1698 | D:3      | Found a sparkling altar of Nemelex Xobeh.
  1781 | D:3      | Reached XP level 5. HP: 43/43 MP: 12/12
  2275 | D:4      | You fall through a shaft for 3 floors!
  2275 | D:7      | Noticed a hippogriff
  2295 | D:7      | Slain by a hippogriff

Vault maps used:
D:1:      saegor_arrival_simple_b
D:2:      nicolae_overflow_hidden_temple, gammafunk_temple_overflow_forgotten
D:3:      old_standard_altar
D:4:      first_ration, grunt_dithmenos_smoke
D:7:      minmay_opposing_rooms, enter_ossuary_5, the_bakery

Skill      XL: |  1  2  3  4 |
---------------+-------------+-----
Spellcasting   | 5 |  5.1
Invocations    | 1 |  1.5
Short Blades   | 1 |  1.4
Long Blades    | 1 |  1.4
Axes           | 1 |  1.4
Maces & Flails | 1 |  1.4
Staves         | 1 |  1.4
Slings         | 1 |  1.4
Bows           | 1 |  1.4
Crossbows      | 1 |  1.4
Throwing       | 1 |  1.4
Stealth        | 1 |  1.4
Shields        | 1 |  1.4
Unarmed Combat | 1 |  1.4
Evocations     | 1 |  1.4
Conjurations   | 1 |  1.1
Hexes          | 1 |  1.1
Summonings     | 1 |  1.1
Necromancy     | 1 |  1.1
Translocations | 1 |  1.1
Transmutations | 1 |  1.1
Fire Magic     | 1 |  1.1
Ice Magic      | 1 |  1.1
Air Magic      | 1 |  1.1
Earth Magic    | 1 |  1.1
Poison Magic   | 1 |  1.1
Fighting       | |  4.7
Polearms       | |  4.7
Armour         | |  2.9
Dodging        | |  4.7
Charms         | |  5.5

Action                   |  1- 3 |  4- 6 || total
-------------------------+-------+-------++-------
Melee: Spear             |   119 |   116 ||   235
       Bite              |     8 |     8 ||    16
       Punch             |       |     1 ||     1
 Cast: Infusion          |     1 |       ||     1
       Shroud of Golubri |     2 |     4 ||     6
       Spectral Weapon   |     1 |     5 ||     6
       Regeneration      |     1 |     1 ||     2
  Use: Scroll            |       |     1 ||     1
 Stab: Sleeping          |     2 |     1 ||     3
  Eat: Chunk             |     1 |     4 ||     5
Armor: Leather armour    |    14 |    14 ||    28
Dodge: Dodged            |    57 |    62 ||   119

Table legend:
 A = Non-vault XP
 B = Vault XP
 C = Vault XP percentage of total XP
 D = Non-vault monster count
 E = Vault monster count
 F = Vault count percentage of total count
                 A         B        C        D         E       F
            +---------+---------+-------+---------+---------+-------
      Total |     209 |       0 |   0.0 |      55 |       0 |   0.0
            +---------+---------+-------+---------+---------+-------
        D:1 |      27 |       0 |   0.0 |      16 |       0 |   0.0
        D:2 |      81 |       0 |   0.0 |      21 |       0 |   0.0
        D:3 |      64 |       0 |   0.0 |      17 |       0 |   0.0
        D:7 |      37 |       0 |   0.0 |       1 |       0 |   0.0
            +---------+---------+-------+---------+---------+-------
